 Dungeon Crawl Stone Soup version 0.32-a0-39-g5c88369fb2 (webtiles) character file.

Game seed: 8246185018114259554

6 GordonOverkill the Sneak (level 1, 0/11 HPs)
             Began as a Spriggan Delver on Feb 5, 2024.
             Slain by a hobgoblin (5 damage)
             ... on level 3 of the Dungeon.
             The game lasted 00:01:52 (428 turns).

GordonOverkill the Sneak (Spriggan Delver)           Turns: 428, Time: 00:01:52

Health: 0/11       AC:  2    Str:  8    XL:     1   Next: 75%
Magic:  2/2        EV: 17    Int: 11    God:
Gold:   0          SH:  0    Dex: 16    Spells: 0/0 levels left

rFire   . .          .
                       - Unarmed
rCold   . . .        (no shield)
rNeg    . . .        a - +0 robe
rPois   .            (helmet restricted)
rElec   .            (no cloak)
rCorr   .            (gloves unavailable)
SInv    +            (boots unavailable)
Will    .....        (no amulet)
Stlth   ++++         (no ring)
HPRegen 0.21/turn    (no ring)
MPRegen 0.08/turn

%: no passive effects
@: very quick
A: very small, no large weapons, unfitting armour, see invisible, speed 3
a: no special abilities


You were on level 3 of the Dungeon.
You visited 1 branch of the dungeon, and saw 5 of its levels.

Inventory:

Missiles
 g - 11 poisoned darts (quivered)
Armour
 a - a +0 robe (worn)
Wands
 f - a wand of digging (3)
Scrolls
 b - a scroll of fog
 c - a scroll of revelation
 d - a scroll of fear
 h - a scroll of identify {unknown}
Potions
 e - a potion of haste
 i - a potion of magic {unknown}
 j - 2 potions of attraction {unknown}
 k - a potion of heal wounds {unknown}
 l - a potion of lignification {unknown}


   Skills:
 + Level 2.5 Fighting
 + Level 2.9 Dodging
 + Level 7.3 Stealth
 + Level 1.7 Unarmed Combat


You couldn't memorise any spells.
You didn't know any spells.
Your spell library was empty.

Dungeon Overview and Level Annotations

Branches:
Dungeon (7/15)
 Temple: D:4-7

Altars:

Annotations:
D:6 Jeremiah


Innate Abilities, Weirdness & Mutations

You are very small and have problems with some larger weapons.
You are too small for most types of armour.
You have supernaturally acute eyesight. (SInv)
You cover ground extremely quickly. (Speed+++)


Message History

The hobgoblin barely misses you.
You hit the hobgoblin but do no damage. The hobgoblin hits you.
You barely miss the hobgoblin. The hobgoblin closely misses you.
You closely miss the hobgoblin. The hobgoblin hits you.
* * * LOW HITPOINT WARNING * * *
You are too injured to fight recklessly!
You are too injured to fight recklessly!
You completely miss the hobgoblin. The hobgoblin hits you.
* * * LOW HITPOINT WARNING * * *
You barely miss the hobgoblin. The hobgoblin completely misses you.
You hit the hobgoblin.
The hobgoblin is lightly wounded.
The hobgoblin barely misses you.
You hit the hobgoblin but do no damage.
The hobgoblin is lightly wounded.
The hobgoblin barely misses you.
You hit the hobgoblin but do no damage.
The hobgoblin is lightly wounded.
The hobgoblin closely misses you.
You hit the hobgoblin but do no damage.
The hobgoblin is lightly wounded.
You hear the slow rusting of a very distant drain.
The hobgoblin closely misses you.
You hit the hobgoblin.
The hobgoblin is moderately wounded.
The hobgoblin closely misses you.
You hit the hobgoblin but do no damage.
The hobgoblin is moderately wounded.
The hobgoblin closely misses you.
You hit the hobgoblin.
The hobgoblin is moderately wounded.
The hobgoblin misses you.
You hit the hobgoblin.
The hobgoblin is severely wounded.
The hobgoblin hits you.
* * * LOW HITPOINT WARNING * * *
You hit the hobgoblin but do no damage.
The hobgoblin is severely wounded.
The hobgoblin hits you.
You die...

#####.).#.#
#.B...†l.#
#.#####.##
#.# #.####
#.# #....#
#.# ####.#
#.# #.# #.#
####.####.#
#.#
#.@gl....#
#.#
#.##.##[##
#.# #.##.# #
#.#####.##..#
#.........##.
#.#####.#.#
#. #.# ..)...
.. #.#
###.### ..
... .#


You could see a hobgoblin and a frilled lizard.

Vanquished Creatures
  A dart slug (D:3)
  2 jackals (D:4)
  A goblin (D:3)
4 creatures vanquished.

Notes
Turn   | Place    | Note
-------+----------+-------------------------------------------
     0 | D:5      | GordonOverkill the Spriggan Delver began the quest for the
                  | Orb.
     0 | D:5      | Reached XP level 1. HP: 11/11 MP: 2/2
     6 | D:6      | Noticed an orc wizard
    35 | D:7      | Noticed a bullfrog
    73 | D:6      | Noticed Jeremiah
   122 | D:6      | Noticed an iguana
   122 | D:6      | Noticed a centaur
   158 | D:5      | Noticed an orc wizard
   163 | D:5      | Noticed a black bear
   170 | D:5      | Noticed an iguana
   179 | D:5      | Noticed an ice beast
   428 | D:3      | Slain by a hobgoblin

Illustrated notes

Levels and vault maps discovered:
D:3:      layout_loops_ring, cheibrodos_sewer_entry_bend,
          hangedman_abyss_or_decor_lesser_grid, grunt_ministairs_8, uniq_terence
D:4:      layout_loops_corners, grunt_temple_overflow_open, serial_shops, shop,
          solitary_fountain, uniq_natasha, uniq_ijyb
D:5:      layout_cave_pools, kennysheep_mini_moat, uniq_duvessa,
          uniq_blork_the_orc
D:6:      layout_loops_ring, minmay_temple_entry_statues_pillars, uniq_pikel,
          uniq_jeremiah
D:7:      layout_cave_pools, dreamdust_mushroom_princess, patterned_corridor

Action                     || total
---------------------------++-------
  Melee: Unarmed           ||    37
         Punch             ||     2
 Armour: Robe              ||    16
  Dodge: Dodged            ||    29

Table legend: (Time is in decaauts)
 A = Elapsed time spent in this place.
 B = Non-inter-level travel time spent in this place.
 C = Inter-level travel time spent in this place.
 D = Time resting spent in this place.
 E = Time spent auto-exploring this place.
 F = Levels seen in this place.
 G = Mean time per level.
                   A        B        C        D        E       F      G
               +--------+--------+--------+--------+--------+-----+--------+
         Total |    312 |    312 |      0 |     75 |      0 |   5 |   62.4 |
       Dungeon |    312 |    312 |      0 |     75 |      0 |   5 |   62.4 |
               +--------+--------+--------+--------+--------+-----+--------+

Top non-repeatable levels by time:
     D:5: 116 daAuts
     D:4: 73 daAuts
     D:6: 66 daAuts
     D:3: 54 daAuts
     D:7: 1 daAuts
